[Event "ICCopen2017"]
[Site "Internet Chess Club"]
[Date "2017.03.26"]
[Round "11"]
[White "TrendFriend"]
[Black "MDRAFE3"]
[Result "0-1"]
[ICCResult "White forfeits on time"]
[WhiteElo "2364"]
[BlackElo "1989"]
[Opening "Sicilian defense"]
[ECO "B40"]
[NIC "SI.43"]
[Time "21:05:05"]
[TimeControl "180+0"]

1. e4 c5 2. Nf3 e6 3. Nc3 Nc6 4. g3 Nf6 5. Bg2 d6 6. d4 cxd4 7. Nxd4 Be7 8.
Nxc6 bxc6 9. e5 Nd5 10. exd6 Bxd6 11. Ne4 Be7 12. c4 Nb4 13. Qxd8+ Kxd8 14.
O-O Bd7 15. Rd1 Kc8 16. a3 Na6 17. b4 Nc7 18. Bf4 Ne8 19. b5 f6 20. Nd6+
Bxd6 21. Bxd6 Nxd6 22. Rxd6 Kc7 23. Rad1 Rad8 24. Bxc6 Bc8 25. Rxd8 Rxd8 26.
Rxd8 Kxd8 27. c5 Kc7 28. f4 e5 29. fxe5 fxe5 30. Kf2 Bf5 31. Ke3 Bc2 32. Kd2
Ba4 33. Kc3 h6 34. Kb4 Bc2 35. Kc3 Ba4 36. Kb4 Bc2 37. a4 e4 38. Kc3 Bxa4
39. Kd4 a6 40. Bxe4 Bxb5 41. Ke5 Bc4 42. Kd4 Bb5 43. h4 a5 44. Kc3 Bc6 45.
Bc2 Bd5 46. Kd4 Bf7 47. Ba4 Be6 48. Ke5 Bd7 49. Bc2 a4 50. Bb1 a3 51. Ba2
Kc6 52. Kd4 Kb5 53. Kd5 Be8 54. Kd6 Kb4 55. Ke7 Bb5 56. Kd6 Kc3 57. c6 Kb2
58. Be6 Ba4 59. c7 Bb3 60. Bxb3 Kxb3 61. c8=Q a2 62. Qb7+ Kc2
{White forfeits on time}
0-1

[Event "ICCopen2017"]
[Site "Internet Chess Club"]
[Date "2017.03.26"]
[Round "11"]
[White "aravind6904"]
[Black "snaillike"]
[Result "1-0"]
[ICCResult "Black forfeits on time"]
[WhiteElo "1391"]
[BlackElo "1194"]
[Opening "Scandinavian (center counter) defense"]
[ECO "B01"]
[NIC "VO.17"]
[Time "21:05:09"]
[TimeControl "180+0"]

1. e4 d5 2. exd5 e6 3. dxe6 Bxe6 4. Nf3 Nf6 5. Nc3 Bd6 6. d4 O-O 7. Be2 Qc8
8. O-O Bh3 9. gxh3 Qxh3 10. Ne5 Re8 11. f4 Nc6 12. Rf3 Qf5 13. Bd3 Qd7 14.
Rg3 Nxe5 15. fxe5 Bxe5 16. dxe5 Rxe5 17. Qf3 Rae8 18. Bg5 R8e6 19. Bxf6 Rxf6
20. Qxf6 Qd4+ 21. Qf2 Qd6 22. Rf1 Qe6 23. Qd4 g6 24. Qd8+ Kg7 25. Qd4 f6 26.
Bc4 Qc6 27. Bb5 Qb6 28. Qxb6 axb6 29. Bd3 c6 30. Rgf3 Rg5+ 31. Kh1 f5 32.
Rg3 Rg4 33. Rxg4 fxg4 34. Kg2 h5 35. Kg3 Kh6 36. Kf4 c5 37. Ke5 b5 38. Kd6
b4 39. Kc7 {Black forfeits on time} 1-0

[Event "ICCopen2017"]
[Site "Internet Chess Club"]
[Date "2017.03.26"]
[Round "11"]
[White "MikeWzd"]
[Black "Eigeneier"]
[Result "0-1"]
[ICCResult "White forfeits on time"]
[WhiteElo "1731"]
[BlackElo "1879"]
[Opening "King's Indian: orthodox, Aronin-Taimanov, 9.Ne1"]
[ECO "E98"]
[NIC "KI.03"]
[Time "21:05:15"]
[TimeControl "180+0"]

1. d4 Nf6 2. c4 g6 3. Nc3 Bg7 4. e4 d6 5. Be2 O-O 6. Nf3 e5 7. O-O Nc6 8. d5
Ne7 9. Ne1 Nd7 10. Be3 f5 11. f3 f4 12. Bf2 g5 13. Rc1 Nf6 14. g4 fxg3 15.
hxg3 h5 16. Kg2 g4 17. Rh1 Kf7 18. c5 a6 19. cxd6 cxd6 20. Nd3 Ng6 21. b4 b5
22. a4 Bd7 23. axb5 axb5 24. Ra1 Qc7 25. Qd2 Rfc8 26. Rxa8 Rxa8 27. Rc1 Qb7
28. Rc2 gxf3+ 29. Bxf3 Ng4 30. Bxg4 hxg4 31. Ra2 Rxa2 32. Qxa2 Bh6 33. Qa7
Qxa7 34. Bxa7 Bd2 35. Nb1 Bg5 36. Bb8 Ke7 37. Nc3 Bd2 38. Nb1 Be3 39. Nc3
Bd4 40. Ne2 Bb6 41. Nc3 Nf8 42. Nf2 Nh7 43. Ncd1 Ng5 44. Nc3 Nf3 45. Nh3
Ne1+ 46. Kf1 Nd3 47. Ng5 Nxb4 48. Ne6 Bxe6 49. dxe6 Kxe6 50. Ke2 Bc5 51. Bc7
Na6 52. Ba5 b4 53. Nd5 b3 54. Kd3 b2 55. Kc2 Bd4 56. Bc3 Nc5 57. Kxb2 Nxe4
58. Kc2 Bxc3 59. Nxc3 Nxc3 60. Kxc3 d5 61. Kd3 Kf5 62. Ke3 d4+ 63. Ke2 Ke4
64. Kd2 Kf3 {White forfeits on time} 0-1

[Event "ICCopen2017"]
[Site "Internet Chess Club"]
[Date "2017.03.26"]
[Round "11"]
[White "Kusox"]
[Black "LiangLiang"]
[Result "0-1"]
[ICCResult "White checkmated"]
[WhiteElo "2058"]
[BlackElo "1738"]
[Opening "Catalan: closed, 6...Nbd7"]
[ECO "E07"]
[NIC "QP.06"]
[Time "21:05:21"]
[TimeControl "180+0"]

1. d4 Nf6 2. Nf3 d5 3. g3 e6 4. Bg2 Nbd7 5. O-O Be7 6. c4 O-O 7. Nc3 c5 8.
cxd5 exd5 9. Bg5 h6 10. Bxf6 Nxf6 11. e3 Be6 12. Qb3 b6 13. Rfd1 Qc7 14. Nb5
Qc8 15. dxc5 bxc5 16. Qc2 a6 17. Nc3 Rd8 18. Rac1 Qb7 19. Na4 Rac8 20. Ne5
Bd6 21. Nc4 Be7 22. Ncb6 Rc6 23. b4 Rxb6 24. Nxb6 Qxb6 25. bxc5 Qc6 26. e4
Nxe4 27. Bxe4 dxe4 28. Rxd8+ Bxd8 29. Qd2 Be7 30. Qb4 Bxa2 31. Qb6 Bd5 32.
Ra1 Bxc5 33. Qxc6 Bxc6 34. Rc1 e3 35. Rxc5 e2 36. Re5 Bf3 37. h3 a5 38. g4
a4 39. Kh2 a3 40. Kg3 a2 41. Kxf3 a1=Q 42. Rxe2 Qc3+ 43. Re3 Qc1 44. Kg2 Kh7
45. Kh2 Qd2 46. Kg2 g6 47. Kg1 h5 48. gxh5 gxh5 49. Kg2 f5 50. Kg1 Kg6 51.
Kg2 Kg5 52. Rg3+ Kh4 53. Ra3 Qd5+ 54. Kg1 Qc6 55. Re3 f4 56. Rd3 Qc1+ 57.
Kh2 Qc2 58. Rf3 Qe4 59. Ra3 f3 60. Re3 Qf4+ 61. Kh1 Kxh3 62. Kg1 Qg4+ 63.
Kf1 Qc4+ 64. Ke1 Qc1# {White checkmated} 0-1

[Event "ICCopen2017"]
[Site "Internet Chess Club"]
[Date "2017.03.26"]
[Round "11"]
[White "vishweshk"]
[Black "hgarjur"]
[Result "1-0"]
[ICCResult "Black forfeits on time"]
[WhiteElo "1857"]
[BlackElo "1845"]
[Opening "Sicilian: dragon, classical, 9.Nb3"]
[ECO "B74"]
[NIC "SI.15"]
[Time "21:05:16"]
[TimeControl "180+0"]

1. e4 c5 2. Nf3 d6 3. d4 cxd4 4. Nxd4 Nf6 5. Nc3 g6 6. Be2 Bg7 7. Be3 O-O 8.
O-O Nc6 9. Nb3 a6 10. a4 Be6 11. f4 Rc8 12. g4 Na5 13. Nxa5 Qxa5 14. f5 Bc4
15. g5 Nd7 16. Bxc4 Rxc4 17. Nd5 Qd8 18. Qf3 Ne5 19. Qg2 Re8 20. Bb6 Qc8 21.
Rf2 Qc6 22. f6 exf6 23. gxf6 Bf8 24. Be3 Nd7 25. Qg5 Rcxe4 26. Rd1 R4e5 27.
Qg2 R5e6 28. Bg5 Ne5 29. Nf4 Nc4 30. Nxe6 Rxe6 31. b3 Qxg2+ 32. Kxg2 Ne5 33.
Rdf1 Ng4 34. Rf3 Ne5 35. h4 Re8 36. R3f2 Rc8 37. h5 d5 38. hxg6 hxg6 39. Bf4
Bd6 40. Bxe5 Bxe5 41. Re1 Bd4 42. Rfe2 Kh7 43. Re8 Rxe8 44. Rxe8 g5 45. Rf8
Kg6 46. Rg8+ Kxf6 47. Rc8 Ke6 48. Rd8 f5 49. Re8+ Kf6 50. Rf8+ Kg6 51. Rd8
{Black forfeits on time}
1-0

[Event "ICCopen2017"]
[Site "Internet Chess Club"]
[Date "2017.03.26"]
[Round "11"]
[White "Monterrey"]
[Black "CapitanCentella"]
[Result "1-0"]
[ICCResult "Black forfeits on time"]
[WhiteElo "1699"]
[BlackElo "1774"]
[Opening "QGD: exchange, positional line, 5...c6"]
[ECO "D35"]
[NIC "QO.16"]
[Time "21:04:46"]
[TimeControl "180+0"]

1. d4 d5 2. c4 e6 3. Nc3 Nf6 4. cxd5 exd5 5. Bg5 c6 6. e3 Bb4 7. Bd3 O-O 8.
Ne2 Bg4 9. Qc2 h6 10. Bh4 Nbd7 11. f3 Be6 12. O-O c5 13. Bf5 cxd4 14. Nxd4
Bxf5 15. Nxf5 Rc8 16. Rad1 Qb6 17. Bf2 Qe6 18. Nd4 Qe5 19. Qd3 Bd6 20. Bg3
Qe7 21. Nf5 Qe6 22. Bxd6 Rfe8 23. Bf4 Nc5 24. Qd2 Nh5 25. Nd4 Qg6 26. Nce2
Rcd8 27. Bg3 Nd7 28. Bf2 Qa6 29. a3 Nhf6 30. Ng3 Ne5 31. Rfe1 Nc4 32. Qc3
Rc8 33. Qb3 b6 34. Ngf5 Qb7 35. Bh4 Nh7 36. Re2 Qd7 37. Qd3 Ne5 38. Qd2 Ng6
39. Bg3 Nf6 40. b4 Ra8 41. Rc1 Rec8 42. Rxc8+ Rxc8 43. h3 Qc7 44. Bxc7 Rxc7
45. Qd3 Rd7 46. Rc2 Rd8 47. Rc7 Rf8 48. Ne7+ Nxe7 49. Rxe7 Nh7 50. Nf5 Nf6
51. Qd4 Nh5 52. Qe5 f6 53. Qd4 Rf7 54. Rxf7 Kxf7 55. Qxd5+ Kg6 56. e4 Nf4
57. Qd7 Nh5 58. Qe8+ Kg5 59. g3 Nxg3 60. h4+ {Black forfeits on time} 1-0

[Event "ICCopen2017"]
[Site "Internet Chess Club"]
[Date "2017.03.26"]
[Round "11"]
[White "YHWH"]
[Black "lmenezes"]
[Result "0-1"]
[ICCResult "White forfeits on time"]
[WhiteElo "1521"]
[BlackElo "1640"]
[Opening "QGD: Chigorin defense"]
[ECO "D07"]
[NIC "QP.08"]
[Time "21:05:23"]
[TimeControl "180+0"]

1. d4 d5 2. c4 Nc6 3. Nc3 Nf6 4. Nf3 Bg4 5. Ne5 Nxe5 6. dxe5 d4 7. exf6 dxc3
8. Qa4+ Bd7 9. Qb3 cxb2 10. Bxb2 exf6 11. Rd1 Qc8 12. e3 Be7 13. c5 O-O 14.
Bd4 Bc6 15. f3 Rd8 16. Bd3 Bd5 17. Qc3 c6 18. a3 Qc7 19. O-O Rd7 20. Bf5 Be6
21. Be4 Rad8 22. Rd2 f5 23. Bb1 f6 24. Rfd1 Kf7 25. a4 Rd5 26. e4 fxe4 27.
fxe4 R5d7 28. Qf3 Qa5 29. Bc2 Bxc5 30. Qc3 Bb4 31. Qe3 Bxd2 32. Rxd2 c5 33.
Bc3 Qc7 34. Rf2 Rd1+ 35. Bxd1 Rxd1+ {White forfeits on time} 0-1

[Event "ICCopen2017"]
[Site "Internet Chess Club"]
[Date "2017.03.26"]
[Round "11"]
[White "manitodeplomo"]
[Black "Wage-slave"]
[Result "1-0"]
[ICCResult "Black forfeits on time"]
[WhiteElo "2352"]
[BlackElo "1743"]
[Opening "English: Caro-Kann defensive system"]
[ECO "A11"]
[NIC "KI.75"]
[Time "21:05:15"]
[TimeControl "180+0"]

1. c4 c6 2. Nf3 d6 3. g3 Nf6 4. Bg2 g6 5. O-O Bg7 6. Nc3 O-O 7. d4 Bg4 8. h3
Bxf3 9. Bxf3 Nbd7 10. e4 Qc7 11. Be3 e5 12. Rc1 Qb8 13. Bg2 h6 14. f4 Re8
15. d5 c5 16. f5 g5 17. h4 Nh7 18. hxg5 Nxg5 19. Kf2 f6 20. Rh1 Nf8 21. a3
a6 22. b4 b6 23. Rb1 Qc7 24. Qa4 Rec8 25. bxc5 bxc5 26. Rb3 Rcb8 27. Rhb1
Rxb3 28. Qxb3 Qa5 29. Bd2 Nd7 30. Qa4 Qc7 31. Qc6 Ra7 32. Na4 Bf8 33. Nb6
Nf7 34. Ba5 Nd8 35. Nxd7 Qxa5 36. Nxf6+ Kh8 37. Qe8 Rf7 38. Rb8 Qd2+ 39. Kg1
Qc1+ 40. Kh2 Qg5 41. Qxd8 Kg7 42. Ne8+ {Black forfeits on time} 1-0

[Event "ICCopen2017"]
[Site "Internet Chess Club"]
[Date "2017.03.26"]
[Round "11"]
[White "eltigrecu"]
[Black "Aladdin"]
[Result "0-1"]
[ICCResult "White checkmated"]
[WhiteElo "1940"]
[BlackElo "2280"]
[Opening "Trompowsky attack (Ruth, Opocenský opening)"]
[ECO "A45"]
[NIC "QP.07"]
[Time "21:05:46"]
[TimeControl "180+0"]

1. d4 Nf6 2. Bg5 e6 3. e4 c5 4. e5 h6 5. Bh4 g5 6. Bg3 Ne4 7. d5 Nxg3 8.
hxg3 Bg7 9. dxe6 dxe6 10. Qxd8+ Kxd8 11. Nf3 Nc6 12. Nc3 Nxe5 13. O-O-O+ Ke7
14. Ne4 b6 15. Be2 Bb7 16. Nd6 Bc6 17. Nxe5 Bxe5 18. Nc4 Bc7 19. Rhe1 Rad8
20. f3 Bxg3 21. Rxd8 Rxd8 22. Rh1 b5 23. Na5 Be8 24. Rxh6 Bf4+ 25. Kb1 Rd2
26. a4 Rxe2 27. axb5 Bxb5 28. Nb7 Bc4 29. b3 Re1+ 30. Kb2 Be5+ 31. c3 Re2+
32. Ka3 Bd5 33. Nxc5 Bxc3 34. Rh1 a5 35. Nd3 Bc6 36. Rc1 Bb4+ 37. Nxb4 axb4+
38. Kxb4 Kd6 39. Rd1+ Bd5 40. g3 Re3 41. f4 gxf4 42. gxf4 Rxb3+ 43. Ka4 Rf3
44. Rd4 f6 45. Kb5 e5 46. fxe5+ fxe5 47. Rh4 e4 48. Rh6+ Ke5 49. Kc5 Rc3+
50. Kb4 Rc8 51. Rh5+ Kd4 52. Ka3 e3 53. Rh4+ Be4 54. Rh7 e2 55. Rd7+ Ke3 56.
Rc7 Rxc7 57. Kb2 e1=Q 58. Ka3 Rb7 59. Ka2 Qa5# {White checkmated} 0-1

[Event "ICCopen2017"]
[Site "Internet Chess Club"]
[Date "2017.03.26"]
[Round "11"]
[White "MDT"]
[Black "someyoungguy"]
[Result "1-0"]
[ICCResult "Black resigns"]
[WhiteElo "1463"]
[BlackElo "1366"]
[Opening "French defense"]
[ECO "C01"]
[NIC "FR.01"]
[Time "21:08:58"]
[TimeControl "180+0"]

1. e4 e6 2. d4 h6 3. Bf4 d6 4. e5 d5 5. c4 Ne7 6. Nc3 dxc4 7. Bxc4 Nbc6 8.
Nf3 Bd7 9. O-O Nf5 10. Be3 Bb4 11. Qd3 Bxc3 12. bxc3 Ke7 13. Rad1 Nxe3 14.
fxe3 Na5 15. Bb3 a6 16. e4 Bb5 17. c4 Bc6 18. d5 exd5 19. exd5 Bd7 20. Nd4
c6 21. d6+ Ke8 22. Qf3 f6 23. e6 Nxb3 24. axb3 Bc8 25. Qh5+ {Black resigns}
1-0

[Event "ICCopen2017"]
[Site "Internet Chess Club"]
[Date "2017.03.26"]
[Round "11"]
[White "kaimann"]
[Black "Unico"]
[Result "1/2-1/2"]
[ICCResult "Game drawn because neither player has mating material"]
[WhiteElo "1951"]
[BlackElo "2413"]
[Opening "Benko's opening"]
[ECO "A00"]
[NIC "VO.09"]
[Time "21:05:17"]
[TimeControl "180+0"]

1. g3 g6 2. Bg2 Bg7 3. e4 d6 4. d4 e5 5. c3 exd4 6. cxd4 Nc6 7. Ne2 Nf6 8.
Nbc3 O-O 9. O-O Re8 10. h3 d5 11. e5 Ne4 12. Nxe4 dxe4 13. Kh2 f5 14. Be3 g5
15. f4 exf3 16. Bxf3 Kh8 17. Qd2 h6 18. Bh5 Rf8 19. Rac1 Be6 20. b3 Qd7 21.
Bf2 Nxe5 22. Qa5 Nd3 23. Rxc7 Qd8 24. Qc3 Nxf2 25. Rxf2 Qd6 26. Qc5 Qxc5 27.
dxc5 Bd5 28. Bf3 Be5 29. Rd7 Bxf3 30. Rxf3 Rac8 31. b4 a5 32. a3 axb4 33.
axb4 b6 34. Rd5 Bc7 35. Rfxf5 Rfe8 36. Nd4 bxc5 37. bxc5 Rb8 38. Kg2 Rb2+
39. Rf2 Rxf2+ 40. Kxf2 Rf8+ 41. Kg2 Ra8 42. Ne6 Ra2+ 43. Kf1 Bxg3 44. c6
Rf2+ 45. Kg1 Rc2 46. Rd8+ Kh7 47. Rd7+ Kg6 48. c7 Kh5 49. Rd8 Kh4 50. c8=Q
Rxc8 51. Rxc8 Kxh3 52. Nxg5+ Kg4 53. Rg8 hxg5 54. Rxg5+ Kxg5
{Game drawn because neither player has mating material}
1/2-1/2

[Event "ICCopen2017"]
[Site "Internet Chess Club"]
[Date "2017.03.26"]
[Round "11"]
[White "Eliezer"]
[Black "DrJon"]
[Result "1-0"]
[ICCResult "Black forfeits on time"]
[WhiteElo "1535"]
[BlackElo "1360"]
[Opening "Caro-Kann defense"]
[ECO "B10"]
[NIC "CK.01"]
[Time "21:06:02"]
[TimeControl "180+0"]

1. e4 c6 2. Nf3 d5 3. exd5 cxd5 4. d4 Nc6 5. c3 Qc7 6. h3 Nf6 7. Bd3 g6 8.
Bg5 Bg7 9. Bxf6 Bxf6 10. Nbd2 O-O 11. O-O Bd7 12. Re1 Rae8 13. Nf1 a6 14.
Ne3 e6 15. Ng4 Bg7 16. Nge5 Nxe5 17. Nxe5 b5 18. Nxd7 Qxd7 19. a3 a5 20. Qe2
b4 21. Bb5 Qd6 22. Bxe8 Rxe8 23. axb4 axb4 24. Ra6 Qb8 25. Rea1 bxc3 26.
bxc3 Qf4 27. Ra8 Rxa8 28. Rxa8+ Bf8 29. Qb2 Kg7 30. Qb8 Qxb8 31. Rxb8 Be7
32. f4 Bd6 33. Rc8 Bxf4 34. Kf2 Bg5 35. g3 Bf6 36. h4 h5 37. Kf3 e5 38. dxe5
Bxe5 39. c4 dxc4 40. Rxc4 {Black forfeits on time} 1-0

[Event "ICCopen2017"]
[Site "Internet Chess Club"]
[Date "2017.03.26"]
[Round "11"]
[White "Ricardov"]
[Black "charlestehace"]
[Result "1-0"]
[ICCResult "Black forfeits on time"]
[WhiteElo "2237"]
[BlackElo "2833"]
[Opening "Two knights defense"]
[ECO "C58"]
[NIC "KP.01"]
[Time "21:05:12"]
[TimeControl "180+0"]

1. e4 e5 2. Nf3 Nc6 3. Bc4 Nf6 4. Ng5 d5 5. exd5 Na5 6. Bb5+ c6 7. dxc6 bxc6
8. Bd3 h6 9. Ne4 Nd5 10. O-O g6 11. Re1 Bg7 12. Nbc3 O-O 13. Nc5 Qd6 14. Nb3
Nxb3 15. axb3 f5 16. Bc4 Kh8 17. d3 Bb7 18. Bd2 Nb4 19. Na4 c5 20. Be3 Rac8
21. c3 Nd5 22. b4 Nxe3 23. fxe3 cxb4 24. cxb4 Qxb4 25. Qb3 Qe7 26. Nc3 Bc6
27. Bd5 Rb8 28. Qa2 Bxd5 29. Nxd5 Qg5 30. e4 f4 31. b4 f3 32. Rf1 Rbc8 33.
Kh1 f2 34. Qxa7 Rc2 35. Qe3 Qg4 36. b5 Re2 37. Qg3 Qe6 38. b6 Qc6 39. Rab1
Kh7 40. Ne7 Qe6 41. b7 Qxe7 42. b8=Q Rxb8 43. Rxb8 Qa3 44. h3 Qc3 45. Rxf2
Qe1+ 46. Kh2 Qxf2 47. Qxf2 Rxf2 48. d4 Rd2 49. d5 Rd4 50. Rd8 Rxe4 51. d6
Rd4 52. d7 e4 53. g3 e3 54. Kg1 {Black forfeits on time} 1-0

[Event "ICCopen2017"]
[Site "Internet Chess Club"]
[Date "2017.03.26"]
[Round "11"]
[White "km1515"]
[Black "fishmaster"]
[Result "1-0"]
[ICCResult "Black checkmated"]
[WhiteElo "2095"]
[BlackElo "1763"]
[Opening "Blackmar-Diemer gambit"]
[ECO "D00"]
[NIC "QP.07"]
[Time "21:05:36"]
[TimeControl "180+0"]

1. d4 Nf6 2. Nc3 d5 3. e4 dxe4 4. Bg5 Bf5 5. f3 exf3 6. Qxf3 Bxc2 7. Qxb7
Nbd7 8. Rc1 Rb8 9. Qxa7 Rxb2 10. Qa3 Qb8 11. Nf3 e6 12. Qa6 Bb4 13. Bd2 Bxc3
14. Bxc3 Rb1 15. Bd2 Rxc1+ 16. Bxc1 O-O 17. Bc4 Qb4+ 18. Ke2 Nb6 19. Bd3
Nbd5 20. Bd2 Bxd3+ 21. Qxd3 Qd6 22. g3 Nb4 23. Qc4 Nc6 24. Rc1 Ne7 25. Qxc7
Qxc7 26. Rxc7 Ned5 27. Ra7 h6 28. Ne5 Rb8 29. a4 Rb2 30. Kd3 Rb3+ 31. Kc2
Ra3 32. Ra8+ Kh7 33. Nxf7 Ne4 34. Bf4 Nxf4 35. gxf4 Nf6 36. Nd6 Nh5 37. a5
Ra2+ 38. Kb3 Rxh2 39. a6 Rh1 40. Nb5 Nxf4 41. a7 Nd5 42. Na3 Nb6 43. Rb8
Rb1+ 44. Nxb1 Kg6 45. Rxb6 h5 46. a8=Q Kg5 47. Qg2+ Kf6 48. Rb5 g5 49. Qxg5+
Kf7 50. Rb7+ Ke8 51. Qe7# {Black checkmated} 1-0

[Event "ICCopen2017"]
[Site "Internet Chess Club"]
[Date "2017.03.26"]
[Round "11"]
[White "chessrex"]
[Black "Lzmann"]
[Result "1-0"]
[ICCResult "Black forfeits on time"]
[WhiteElo "1964"]
[BlackElo "1583"]
[Opening "Blackmar-Diemer gambit"]
[ECO "A45"]
[NIC "QP.07"]
[Time "21:06:00"]
[TimeControl "180+0"]

1. d4 Nf6 2. f3 d5 3. e4 e6 4. Nc3 c5 5. e5 Nfd7 6. f4 cxd4 7. Qxd4 Nc6 8.
Qd1 f6 9. Nf3 fxe5 10. fxe5 g6 11. Bb5 Bg7 12. Bxc6 bxc6 13. O-O O-O 14. Qe1
Qc7 15. Qg3 Ba6 16. Rf2 Nxe5 17. Bf4 Nxf3+ 18. Rxf3 Qb6+ 19. Kh1 Qxb2 20.
Rb1 Qxc2 21. Re1 Rae8 22. h4 d4 23. Ne4 d3 24. Nd2 Qc5 25. Ne4 Qd5 26. Nd2
c5 27. Bd6 Rxf3 28. Nxf3 c4 29. h5 Qxh5+ 30. Nh2 c3 31. Be5 d2 32. Rg1 c2
33. Bxg7 Kxg7 34. Qc3+ Kg8 35. Qxc2 Rd8 36. Rd1 Be2 37. Rxd2 Rxd2 38. Qxd2
Bb5 39. Qd8+ Kg7 40. Qc7+ Kh6 41. Qf4+ Qg5 42. Ng4+ Kh5 43. Qxg5+ Kxg5 44.
Ne5 Kf5 45. Kg1 Bc6 46. Nxc6 e5 47. Kf2 e4 48. g3 h5 49. Nd4+ Ke5 50. Ne2 g5
51. Ke3 h4 52. gxh4 gxh4 53. Nf4 h3 54. Nxh3 Kd5 55. Nf4+ Kc5 56. Ne2 Kb4
57. Kd2 Ka3 58. Nc3 {Black forfeits on time} 1-0

[Event "ICCopen2017"]
[Site "Internet Chess Club"]
[Date "2017.03.26"]
[Round "11"]
[White "Athena2020"]
[Black "rayhem"]
[Result "0-1"]
[ICCResult "White forfeits on time"]
[WhiteElo "1130"]
[BlackElo "1405"]
[Opening "QGD semi-Slav"]
[ECO "D43"]
[NIC "QP.08"]
[Time "21:06:59"]
[TimeControl "180+0"]

1. d4 d5 2. c4 Nf6 3. Nf3 e6 4. Nc3 c6 5. cxd5 exd5 6. Qc2 Be7 7. Bf4 O-O 8.
e3 Nh5 9. Be5 g6 10. Bd3 Nd7 11. Bg3 Ng7 12. h4 Nh5 13. Bh2 Bxh4 14. Nxh4
Qxh4 15. O-O-O b5 16. Bd6 Qg5 17. Bxf8 Nxf8 18. Rh2 Bg4 19. Rdh1 a5 20. f3
Qxe3+ 21. Kb1 Be6 22. g4 Nf4 23. Nd1 Qxd3 24. Qxd3 Nxd3 25. Nc3 Nf4 26. Kc2
g5 27. Rh6 f5 28. Rf6 fxg4 29. fxg4 Bxg4 30. Rhh6 N8g6 31. Rxc6 a4 32. Rh1
Re8 33. Rf1 Nh4 {White forfeits on time} 0-1

[Event "ICCopen2017"]
[Site "Internet Chess Club"]
[Date "2017.03.26"]
[Round "11"]
[White "ural"]
[Black "BronStorm"]
[Result "1-0"]
[ICCResult "Black resigns"]
[WhiteElo "2344"]
[BlackElo "1890"]
[Opening "Sicilian defense"]
[ECO "B20"]
[NIC "SI.48"]
[Time "21:07:16"]
[TimeControl "180+0"]

1. e4 c5 2. b3 Nc6 3. Bb2 e5 4. f4 d6 5. Qf3 a6 6. Nc3 Nf6 7. Nd5 Nxd5 8.
exd5 Nd4 9. Bxd4 cxd4 10. c4 dxc3 11. dxc3 Qf6 12. fxe5 Qxe5+ 13. Qe2 Qxe2+
14. Bxe2 g6 15. O-O-O Bg7 16. c4 h5 17. Nf3 O-O 18. Rhe1 b5 19. Nd4 bxc4 20.
Bxc4 Bg4 21. Rd3 Rfe8 22. Rxe8+ Rxe8 23. Bxa6 Ra8 24. h3 Rxa6 25. hxg4 Rxa2
26. gxh5 gxh5 27. Nf5 Be5 28. g3 Kh7 29. Ne7 Kh6 30. Nc6 Bf6 31. b4 Ra1+ 32.
Kc2 Ra2+ 33. Kb3 Rb2+ 34. Ka4 Ra2+ 35. Kb5 Kg5 36. Kb6 Kg4 37. b5 Rb2 38.
Ka6 Ra2+ 39. Kb7 Rb2 40. b6 Bg5 41. Kc7 {Black resigns} 1-0